 Dungeon Crawl Stone Soup version 0.25.1-2-g60ff931df9 (webtiles) character file.

Game seed: 13704782216264928887

70 Revguard the Slasher (level 4, -4/33 HPs)
             Began as a Demonspawn Gladiator on Aug 8, 2020.
             Killed from afar by an orc wizard (6 damage)
             ... with a magic dart
             ... on level 3 of the Dungeon.
             The game lasted 00:04:16 (1914 turns).

Revguard the Slasher (Demonspawn Gladiator)         Turns: 1914, Time: 00:04:16

Health: -4/33      AC:  6    Str: 14    XL:     4   Next: 4%
Magic:  4/4        EV: 13    Int:  9    God:
Gold:   114        SH:  0    Dex: 16    Spells: 3/3 levels left

rFire    + . .     SeeInvis .   a - +0 long sword
rCold    + + .     Gourm    .   (no shield)
rNeg     . . .     Faith    .   b - +0 leather armour
rPois    +         Spirit   .   c - +0 helmet
rElec    +         Reflect  .   l - +0 cloak
rCorr    +         Harm     .   (no gloves)
MR       .....                  k - +0 pair of boots
Stlth    +.........             (no amulet)
HPRegen  0.11/turn              e - ring of protection from cold
MPRegen  0.09/turn              (no ring)

@: confused, mighty, resistant, flying
A: powered by pain 1
a: no special abilities


You were on level 3 of the Dungeon.
You were not hungry.

You visited 1 branch of the dungeon, and saw 3 of its levels.

You collected 114 gold pieces.

Inventory:

Hand Weapons
 a - a +0 long sword (weapon)
Missiles
 d - 3 throwing nets (quivered)
Armour
 b - a +0 leather armour (worn)
 c - a +0 helmet (worn)
 k - a +0 pair of boots (worn)
 l - a +0 cloak (worn)
Jewellery
 e - a ring of protection from cold (left hand)
Scrolls
 g - 2 scrolls of fog {unknown}
 i - 2 scrolls of identify {unknown}
 j - 3 scrolls of magic mapping {unknown}
 n - a scroll of immolation {unknown}
 o - a scroll of enchant armour {unknown}
 p - a scroll of teleportation {unknown}
 q - a scroll of blinking {unknown}
 t - 2 scrolls of remove curse {unknown}
Potions
 h - a potion of might
 s - 2 potions of flight
Comestibles
 f - 3 rations
 m - a chunk of flesh


   Skills:
 + Level 2.2 Fighting
 + Level 3.8 Long Blades
 - Level 2.0 Throwing
 + Level 0.7 Armour
 + Level 3.0 Dodging


You had 3 spell levels left.
You didn't know any spells.
Your spell library was empty.

Dungeon Overview and Level Annotations

Branches:
Dungeon (3/15)

Altars:


Innate Abilities, Weirdness & Mutations

You sometimes gain a little power by taking damage.


Message History

The orc wizard flickers and vanishes!
Deactivating autopickup; reactivate with Ctrl-A.
You bump into the rock wall.
The orc barely misses you. Something completely misses you.
You closely miss something. Something hits you but does no damage.
The orc hits you but does no damage.
You bump into the rock wall.
You hear some strange, mumbled words.
You are more confused.
The orc barely misses you.
You barely miss the orc. Something hits you but does no damage.
The orc hits you with a +0 mace.
* * * LOW HITPOINT WARNING * * *
You miss the orc. Something hits you but does no damage.
The orc closely misses you.
You barely miss something.
You hear some strange, mumbled words.
A magic dart appears from out of thin air!
The magic dart hits you.
You die...

..##.# #
......# .
......>#.
........# #
........# .#.$
........##.....
.......<......#
......{)###...#
......†@# .
......o.#
........#
........#
....(...#
.......##
......# .#####


You could see an orc.

Vanquished Creatures
  An adder (D:2)
  2 oozes
  3 dart slugs
  A leopard gecko (D:1)
  3 orcs (D:3)
  7 giant cockroaches
  6 goblins (D:1)
  3 hobgoblins
  5 kobolds (D:1)
  5 bats
  2 frilled lizards
  2 rats (D:1)
40 creatures vanquished.

Notes
Turn   | Place    | Note
-------+----------+-------------------------------------------
     0 | D:1      | Revguard the Demonspawn Gladiator began the quest for the
                  | Orb.
     0 | D:1      | Reached XP level 1. HP: 16/16 MP: 1/1
   185 | D:1      | Gained mutation: You sometimes gain a little power by
                  | taking damage. [demonic ancestry]
   185 | D:1      | Reached XP level 2. HP: 22/22 MP: 2/2
   531 | D:1      | Reached XP level 3. HP: 27/27 MP: 3/3
  1907 | D:3      | Reached XP level 4. HP: 6/33 MP: 4/4
  1914 | D:3      | Killed from afar by an orc wizard

Illustrated notes

Levels and vault maps discovered:
D:1:      heliophobic_arrival_dark_side_of_the_moon, layout_loops_ring,
          minmay_misc_feat_roman
D:2:      layout_basic
D:3:      layout_rooms, uniq_robin

Skill      XL: |  1  2 |
---------------+-------+-----
Long Blades    | 3 |  3.8
Dodging        | 3 |  3.0
Throwing       | 2 |  2.0
Fighting       | |  2.2
Armour         | |  0.7

Action                   |  1- 3 |  4- 6 || total
-------------------------+-------+-------++-------
Melee: Long sword        |    96 |     5 ||   101
  Use: Potion            |     3 |       ||     3
  Eat: Chunk             |     3 |       ||     3
Armor: Leather armour    |    29 |     2 ||    31
Dodge: Dodged            |    77 |     7 ||    84
       Rpst.: Long sword |    27 |     1 ||    28
